Map: [ESL] Stargazers

Players

ByuN

  • Race: Terran Terran
  • Spawn Location: 11:00

llllllllllll (herO) - Winner!

  • Race: Protoss Protoss
  • League: Master
  • Spawn Location: 1:00

VOD

Have the link to the VOD?

Description

Time

  • Played on: Oct. 22, 2022, 7:27 a.m.
  • Length: 9:36
Show
View Real Time Build Order
Export as new Build Order

ByuN Terran 

Build Orders: Reaper Expand 

Get SALT Encoding   

  12  0:00  SCV  
  13  0:12  SCV  
  14  0:17  Supply Depot  
  14  0:24  SCV  
  15  0:38  SCV  
  15  0:40  Barracks  
  15  0:42  Refinery  
  16  0:51  SCV  
  17  1:03  SCV  
  18  1:15  SCV  
  19  1:27  Reaper, Orbital Command  
  20  1:39  Command Center  
  20  1:48  Supply Depot  
  20  1:52  SCV  
  21  1:59  Barracks Reactor  
  21  2:04  SCV  
  22  2:16  SCV  
  22  2:20  Command Center  
  23  2:28  SCV  
  23  2:29  Barracks  
  24  2:35  Marine x2  
  26  2:41  SCV  
  27  2:53  SCV, Orbital Command, Marine x2  
  30  3:00  Barracks  
  30  3:02  Orbital Command  
  30  3:05  SCV  
  31  3:11  Marine x2  
  33  3:17  SCV, Barracks Tech Lab  
  34  3:27  Engineering Bay  
  34  3:28  SCV  
  34  3:29  SCV  
  34  3:30  Marine x2  
  38  3:35  Orbital Command  
  38  3:44  Marine  
  38  3:46  SCV x2  
  41  3:50  Stimpack, Marine  
  41  3:55  Missile Turret  
  40  3:57  Missile Turret  
  40  3:58  SCV  
  40  4:00  SCV  
  42  4:04  Marine x2  
  42  4:05  Marine  
  42  4:09  Terran Infantry Weapons Level 1  
  45  4:11  SCV  
  45  4:13  SCV  
  45  4:14  SCV  
  45  4:16  Marine  
  49  4:23  SCV  
  50  4:24  Factory  
  50  4:25  SCV  
  50  4:28  SCV  
  50  4:29  Marine  
  50  4:30  Marine  
  54  4:31  Marine  
  54  4:36  SCV  
  54  4:37  SCV, Barracks Tech Lab  
  54  4:38  Supply Depot  
  57  4:40  SCV  
  58  4:46  Refinery  
  58  4:47  Refinery  
  58  4:48  SCV  
  58  4:49  Supply Depot, SCV  
  58  4:50  Marine  
  61  4:59  SCV, Marine x2  
  64  5:03  SCV x2  
  64  5:04  Supply Depot  
  64  5:06  Marine  
  64  5:08  Marine  
  64  5:11  SCV  
  65  5:15  SCV  
  65  5:17  Marine x2  
  65  5:18  Supply Depot  
  65  5:20  Combat Shield  
  66  5:23  SCV  
  66  5:24  SCV, Barracks  
  66  5:25  Barracks  
  68  5:31  Marine x2  
  65  5:35  Factory Reactor, Starport  
  65  5:36  SCV x2  
  65  5:37  SCV  
  65  5:39  Marine  
  65  5:40  Orbital Command, Marine  
  69  5:49  Marauder x2  
  73  5:50  Concussive Shells  
  73  5:51  Refinery  
  73  5:56  SCV x2  
  70  6:00  Marine x2  
  66  6:07  SCV  
  66  6:08  SCV  
  66  6:09  SCV  
  69  6:12  Marauder x2  
  69  6:13  Barracks Reactor, Barracks Tech Lab  
  69  6:15  Supply Depot  
  69  6:16  Terran Infantry Armor Level 1  
  73  6:19  SCV  
  73  6:22  Factory Reactor  
  73  6:24  Supply Depot  
  73  6:30  Supply Depot  
  73  6:33  Marauder x2  
  73  6:37  Marauder  
  72  6:46  Supply Depot  
  72  6:48  Barracks  
  72  6:50  Marine x2  
  72  6:52  Barracks x2  
  72  6:53  Medivac x2  
  77  6:54  Marauder, Marine  
  77  6:56  SCV x2  
  77  6:58  Marine  
  82  7:01  SCV  
  82  7:07  Widow Mine x2  
  87  7:08  SCV  
  87  7:09  Marine x2  
  87  7:14  SCV  
  88  7:16  Orbital Command  
  88  7:20  SCV  
  86  7:23  Medivac, Marauder  
  86  7:24  Marauder x2  
  86  7:26  Medivac, Marine  
  86  7:27  SCV, Marine  
  99  7:33  SCV  
  99  7:35  Barracks Reactor  
  100  7:39  SCV  
  100  7:42  SCV  
  100  7:44  Barracks Reactor  
  100  7:45  Barracks Reactor, SCV  
  100  7:46  Barracks Tech Lab  
  100  7:49  Barracks  
  101  7:53  Widow Mine  
  101  7:55  SCV  
  101  7:56  SCV  
  101  7:57  SCV  
  101  7:58  Widow Mine  
  101  8:01  Supply Depot  
  101  8:02  Supply Depot  
  101  8:03  Supply Depot  
  101  8:06  Marauder x2  
  101  8:07  SCV  
  101  8:08  SCV  
  101  8:09  Supply Depot, SCV  
  101  8:11  Ghost Academy  
  108  8:19  SCV  
  105  8:20  Engineering Bay, SCV, Armory  
  105  8:26  Marauder x2  
  109  8:27  Marine  
  109  8:28  Marauder, Marine x2  
  109  8:29  Marine  
  109  8:31  Marine x2  
  116  8:41  Medivac x2  
  114  8:44  SCV x2  
  114  8:46  SCV  
  114  8:50  Marauder x3  
  114  8:51  Marauder  
  122  8:57  Refinery x2, Marine x2  
  122  8:58  Marine x4  
  122  8:59  Barracks Tech Lab  
  127  9:11  Marauder x2  
  127  9:12  Marauder x2  
  127  9:13  Widow Mine x2  
  127  9:15  Marine x3  
  127  9:16  SCV x2  
  132  9:17  SCV  
Show
View Real Time Build Order
Export as new Build Order

llllllllllll Protoss - Winner!

Build Orders: Oracle Opening, Phoenix Opening 

Get SALT Encoding   

  12  0:00  Probe  
  13  0:12  Probe  
  14  0:18  Pylon  
  14  0:24  Probe  
  15  0:37  Gateway, Probe (Chrono Boost)  
  16  0:43  Assimilator  
  16  0:49  Probe (Chrono Boost)  
  17  0:50  Assimilator  
  17  0:54  Probe (Chrono Boost)  
  18  1:04  Probe  
  19  1:16  Probe  
  20  1:25  Cybernetics Core  
  20  1:28  Probe  
  21  1:34  Pylon  
  21  1:40  Probe  
  22  1:48  Nexus  
  22  1:52  Probe  
  23  1:58  Adept (Chrono Boost)  
  25  2:07  Stargate  
  25  2:10  Probe  
  26  2:16  Warp Gate  
  26  2:20  Adept  
  27  2:23  Probe  
  28  2:31  Pylon  
  28  2:35  Probe  
  29  2:47  Oracle (Chrono Boost), Probe  
  33  2:59  Probe  
  33  3:01  Probe  
  35  3:11  Probe  
  36  3:14  Probe  
  36  3:15  Phoenix (Chrono Boost)  
  39  3:24  Gateway  
  39  3:25  Gateway  
  39  3:27  Probe x2  
  43  3:39  Probe x2  
  45  3:45  Oracle  
  46  3:51  Probe x2  
  48  3:57  Pylon  
  48  4:02  Nexus  
  48  4:08  Probe x2  
  50  4:10  Twilight Council  
  50  4:11  Assimilator  
  50  4:17  Forge, Pylon  
  50  4:23  Probe x2  
  51  4:27  Stalker  
  53  4:35  Probe x2  
  53  4:36  Stalker x2  
  53  4:37  Blink (Chrono Boost)  
  59  4:41  Assimilator  
  59  4:47  Probe x2  
  61  4:53  Photon Cannon  
  61  4:55  Shield Battery  
  61  4:59  Probe  
  60  5:00  Probe  
  60  5:10  Stalker  
  60  5:11  Stalker x2  
  66  5:18  Probe x2  
  66  5:32  Probe  
  66  5:34  Protoss Ground Weapons Level 1 (Chrono Boost)  
  66  5:35  Stalker x3  
  73  5:41  Probe x2  
  75  5:44  Probe  
  75  5:46  Shield Battery  
  75  5:49  Pylon  
  76  5:53  Probe x2  
  76  5:56  Probe  
  74  6:00  Stalker x3  
  80  6:05  Probe x2  
  80  6:09  Probe  
  80  6:10  Robotics Facility  
  83  6:11  Gateway  
  83  6:17  Probe  
  84  6:19  Gateway  
  84  6:20  Gateway  
  84  6:27  Stalker x3  
  84  6:31  Probe x2  
  84  6:32  Probe  
  91  6:42  Assimilator  
  91  6:43  Assimilator  
  91  6:46  Pylon  
  87  6:49  Charge (Chrono Boost)  
  87  6:51  Stalker x3  
  93  6:55  Gateway  
  93  6:57  Photon Cannon  
  93  7:02  Pylon  
  93  7:08  Robotics Bay  
  93  7:10  Probe x3, Pylon  
  94  7:24  Stalker x5  
  94  7:27  Zealot, Warp Prism (Chrono Boost)  
  94  7:29  Pylon  
  108  7:44  Shield Battery  
  108  7:46  Probe  
  109  7:51  Zealot x5  
  109  7:52  Sentry  
  109  7:53  Pylon  
  119  8:01  Stalker  
  119  8:03  Colossus (Chrono Boost), Extended Thermal Lance (Chrono Boost)  
  121  8:09  Pylon  
  126  8:20  Zealot x3  
  130  8:29  Stalker x4  
  128  8:56  Stalker x6  
  128  9:01  Pylon  
  128  9:02  Pylon  
  138  9:15  Zealot  
  126  9:22  Zealot x6  
Tags
 
Add a new tag
Caveats
  • Supply blocks, unpowered buildings, or Contaminate may cause inaccurate times.
  • Supply counts are checked every 10 seconds.